Map: King's Cove LE

Players

TheBeast - Winner!

  • Race: Zerg Zerg
  • League: Master
  • Spawn Location: 5:00

Mez

  • Race: Terran Terran
  • League: Master
  • Spawn Location: 11:00

VOD

Have the link to the VOD?

Description

Time

  • Played on: July 30, 2019, 5:05 a.m.
  • Length: 17:19
Show
View Real Time Build Order
Export as new Build Order

TheBeast Zerg - Winner!

Build Orders: Hatch First 

Get SALT Encoding   

  12  0:01  Drone  
  13  0:12  Overlord  
  13  0:18  Drone  
  14  0:30  Drone  
  14  0:31  Drone  
  14  0:34  Drone  
  17  0:52  Hatchery  
  17  0:55  Drone  
  17  0:59  Drone  
  18  1:09  Extractor  
  17  1:15  Spawning Pool  
  17  1:17  Drone  
  17  1:28  Drone  
  18  1:38  Drone  
  19  1:50  Overlord  
  19  2:04  Queen  
  19  2:05  Zergling x2  
  19  2:06  Zergling x2, Queen  
  25  2:10  Drone  
  25  2:15  Metabolic Boost  
  26  2:19  Drone  
  27  2:23  Drone  
  27  2:26  Drone  
  29  2:34  Drone  
  30  2:53  Extractor  
  30  2:55  Drone  
  30  2:56  Drone  
  31  3:00  Overlord  
  31  3:06  Hatchery  
  31  3:07  Queen  
  31  3:10  Drone x2  
  31  3:11  Drone  
  35  3:17  Queen  
  37  3:20  Overlord  
  37  3:29  Drone x3  
  37  3:32  Drone x2  
  37  3:33  Drone  
  43  3:40  Drone  
  44  3:42  Drone  
  44  3:47  Queen  
  47  3:52  Drone  
  47  3:54  Drone x3  
  51  4:01  Overlord x2  
  51  4:15  Overlord  
  51  4:20  Queen  
  51  4:21  Drone x2  
  51  4:22  Drone x5  
  60  4:24  Drone  
  60  4:27  Overlord x2  
  61  4:34  Drone x2  
  61  4:35  Drone  
  64  4:40  Overlord  
  64  4:42  Lair  
  64  4:44  Zergling x6  
  67  4:51  Zergling x2, Baneling Nest  
  67  4:52  Zergling x6  
  69  4:59  Zergling x4  
  72  5:00  Zergling x6  
  72  5:05  Zergling x6  
  73  5:10  Zergling x4  
  74  5:16  Zergling x2  
  69  5:24  Drone x3  
  69  5:29  Drone x2  
  69  5:30  Drone  
  69  5:32  Drone  
  69  5:33  Queen x2  
  74  5:37  Evolution Chamber  
  74  5:38  Evolution Chamber, Drone x2, Extractor  
  74  5:42  Extractor  
  72  5:43  Extractor  
  72  5:45  Drone x3, Extractor  
  72  5:48  Extractor  
  72  5:57  Drone  
  72  5:58  Drone x2  
  75  6:04  Drone x2  
  75  6:07  Centrifical Hooks  
  75  6:08  Zerg Ground Armor Level 1  
  75  6:09  Overlord x2  
  77  6:19  Hatchery  
  77  6:21  Overlord, Zerg Melee Weapons Level 1  
  77  6:22  Zergling x4  
  77  6:23  Zergling x4  
  77  6:24  Overseer  
  80  6:31  Drone x3  
  80  6:32  Drone  
  84  6:33  Drone  
  84  6:34  Drone  
  84  6:35  Drone  
  87  6:46  Overlord x2  
  87  6:47  Zergling x2, Hydralisk Den  
  87  6:48  Zergling x8  
  87  6:49  Baneling x6  
  91  7:04  Overlord  
  91  7:05  Overlord  
  91  7:08  Zergling x18  
  93  7:09  Zergling x4  
  101  7:22  Zergling x6  
  89  7:33  Queen  
  89  7:34  Drone x8  
  89  7:35  Drone x3  
  100  7:47  Zergling x10  
  104  7:52  Overlord  
  104  7:53  Grooved Spines  
  104  7:57  Zergling x8  
  104  7:58  Baneling x4  
  108  7:59  Baneling x5  
  108  8:07  Pneumatized Carapace  
  108  8:09  Zerg Ground Armor Level 2, Queen  
  108  8:10  Infestation Pit  
  108  8:11  Zergling x2  
  108  8:12  Zergling x24, Hatchery  
  121  8:18  Baneling x12  
  121  8:19  Zergling x6  
  124  8:20  Overseer  
  124  8:25  Zerg Melee Weapons Level 2  
  124  8:29  Zergling x10  
  122  8:42  Hydralisk x4  
  122  8:43  Zergling x10, Hydralisk x2  
  135  8:53  Hydralisk  
  135  8:54  Zergling x6, Hydralisk x2  
  136  8:55  Hydralisk  
  136  8:56  Zergling x2  
  136  9:02  Hydralisk  
  133  9:04  Muscular Augments  
  133  9:08  Baneling  
  133  9:09  Baneling x8  
  124  9:10  Zergling x2, Hydralisk  
  115  9:22  Hydralisk  
  115  9:23  Zergling x6  
  98  9:48  Drone x2  
  98  9:58  Zergling x6  
  98  9:59  Zergling x16  
  107  10:08  Zergling x8  
  111  10:15  Zergling x8  
  111  10:20  Zergling x6  
  111  10:21  Zergling x4  
  120  10:24  Baneling x7  
  107  10:29  Zergling x6  
  105  10:38  Hive  
  102  10:48  Drone x10  
  112  10:51  Baneling x5  
  108  11:10  Drone x3  
  110  11:23  Drone x4  
  110  11:25  Drone x4  
  118  11:26  Drone  
  118  11:27  Drone x2  
  118  11:28  Drone x4  
  118  11:32  Hydralisk x4  
  125  11:36  Baneling x6  
  133  11:40  Queen  
  135  11:56  Overlord  
  135  12:01  Zergling x30  
  124  12:02  Zergling x2  
  122  12:12  Baneling x2  
  122  12:17  Zergling x10  
  122  12:21  Baneling  
  122  12:22  Baneling x20  
  125  12:24  Zergling x4  
  125  12:25  Zergling x8  
  125  12:29  Queen  
  133  12:31  Zergling x4  
  134  12:40  Zergling x8  
  125  13:01  Overlord  
  125  13:09  Adrenal Glands, Ultralisk Cavern  
  125  13:10  Zerg Melee Weapons Level 3, Zerg Ground Armor Level 3  
  124  13:15  Queen  
  124  13:18  Extractor  
  125  13:27  Drone x4  
  125  13:28  Drone, Queen  
  125  13:33  Hatchery  
  131  13:37  Zergling x2  
  131  13:38  Zergling x18  
  138  13:48  Zergling x6  
  133  14:03  Chitinous Plating  
  133  14:05  Ultralisk  
  133  14:06  Ultralisk x3  
  154  14:22  Zergling x2, Spore Crawler  
  154  14:23  Zergling x12  
  154  14:24  Overlord, Spore Crawler  
  159  14:25  Overlord x2  
  159  14:28  Baneling x8  
  156  14:33  Queen  
  154  14:41  Hydralisk x2  
  158  14:50  Extractor  
  157  14:58  Drone x6  
  157  14:59  Drone x2  
  165  15:13  Overlord  
  165  15:22  Anabolic Synthesis  
  165  15:24  Overlord  
  165  15:25  Ultralisk x2  
  165  15:27  Overlord  
  177  15:28  Drone x2  
  177  15:29  Drone x2  
  177  15:33  Ultralisk  
  187  15:38  Hydralisk x2  
  187  15:40  Hydralisk  
  193  15:52  Hydralisk x3  
  193  15:54  Spire  
  195  16:15  Zergling x8  
  195  16:16  Zergling x8  
  197  16:23  Spore Crawler  
  197  16:24  Spore Crawler  
  194  16:28  Overlord  
  194  16:30  Zergling x10  
  199  16:33  Drone  
  199  16:38  Spore Crawler x2  
  197  16:47  Baneling x10  
  193  17:00  Zergling x2  
  193  17:01  Zergling x2  
Show
View Real Time Build Order
Export as new Build Order

Mez Terran 

Build Orders: Reaper Expand 

Get SALT Encoding   

  12  0:00  SCV  
  13  0:13  SCV  
  14  0:19  Supply Depot  
  14  0:25  SCV  
  15  0:40  SCV  
  16  0:44  Barracks  
  16  0:46  Refinery  
  16  0:52  SCV  
  17  1:04  SCV  
  18  1:16  SCV  
  19  1:31  Reaper, Orbital Command  
  20  1:45  Command Center  
  20  1:56  Barracks  
  20  1:59  SCV  
  21  2:04  Barracks Reactor  
  21  2:09  Supply Depot  
  21  2:12  SCV  
  22  2:22  Barracks  
  22  2:24  SCV  
  23  2:44  Engineering Bay  
  23  2:45  Marine x2, Barracks Tech Lab  
  23  2:50  SCV  
  25  2:59  Orbital Command  
  25  3:04  Marine x2  
  26  3:06  Combat Shield  
  26  3:09  Marine  
  26  3:10  Marine  
  26  3:12  SCV  
  29  3:22  Marine x2  
  29  3:23  Supply Depot  
  29  3:24  SCV  
  32  3:27  SCV, Marine  
  32  3:30  Marine  
  35  3:38  SCV  
  35  3:39  SCV, Marine  
  38  3:43  Marine  
  38  3:46  Supply Depot  
  38  3:47  Marine  
  40  3:48  Marine  
  40  3:50  SCV  
  42  3:57  Marine  
  42  3:58  SCV  
  42  4:01  Marine  
  45  4:03  SCV  
  46  4:10  SCV  
  46  4:11  Supply Depot  
  46  4:12  Engineering Bay  
  46  4:13  Marine x2  
  46  4:15  SCV  
  50  4:18  Marine x2  
  50  4:22  SCV  
  53  4:28  Stimpack  
  53  4:31  Marine  
  53  4:32  Marine  
  53  4:36  Marine, Supply Depot  
  56  4:40  Terran Infantry Weapons Level 1  
  56  4:44  SCV x2  
  58  4:50  Marine, Command Center  
  58  4:51  Marine  
  60  4:54  Marine  
  60  4:56  SCV  
  62  5:07  SCV  
  63  5:16  Marine x4  
  63  5:17  SCV  
  58  5:30  SCV x2  
  58  5:34  Factory, Refinery x2, Marine x4  
  58  5:38  Barracks  
  58  5:39  Barracks  
  59  5:42  SCV x2, Supply Depot  
  60  5:52  Marine x2  
  60  5:55  SCV x2, Marine  
  65  6:04  Orbital Command  
  65  6:05  Barracks Reactor  
  65  6:07  SCV x2, Supply Depot  
  67  6:11  Marine x2  
  67  6:13  Marine  
  70  6:19  SCV x2, Starport, Factory Reactor  
  72  6:27  Barracks Reactor x2  
  72  6:31  SCV x2  
  74  6:33  Orbital Command  
  74  6:35  Terran Infantry Armor Level 1  
  74  6:43  SCV x2, Marine x2  
  74  6:44  Marine x3  
  81  6:55  SCV, Supply Depot  
  81  6:58  SCV x2  
  84  7:01  Marine x4  
  84  7:02  Command Center, Marine  
  84  7:04  Marine x2  
  84  7:07  SCV  
  92  7:10  SCV  
  92  7:11  SCV  
  93  7:19  SCV, Marine x2  
  86  7:23  SCV x2, Marine x7  
  86  7:24  Medivac x2  
  97  7:31  SCV  
  97  7:35  SCV x2  
  90  7:37  Marine x2, Supply Depot  
  90  7:41  Marine x3  
  90  7:43  SCV  
  96  7:46  Marine x4  
  96  7:47  Engineering Bay, SCV x2, Armory  
  102  7:54  Medivac x2  
  102  7:55  SCV, Marine x2  
  109  7:58  Marine  
  109  7:59  Marine x2  
  109  8:04  Marine x2  
  109  8:05  Marine x2  
  116  8:06  SCV x2  
  116  8:12  Marine x2  
  118  8:13  Barracks x2  
  118  8:16  Marine x2  
  118  8:17  Barracks  
  122  8:20  SCV x2, Marine  
  122  8:25  Medivac x2  
  129  8:36  Marine x8  
  129  8:37  Marine  
  114  9:02  Marine x2  
  108  9:03  Marine  
  108  9:04  Marine  
  108  9:05  Marine  
  108  9:06  Marine  
  108  9:07  Marine  
  108  9:08  Marine  
  108  9:09  Marine  
  108  9:12  Medivac  
  108  9:13  Medivac  
  99  9:17  Marine x3  
  99  9:20  Marine x2  
  99  9:21  Marine  
  99  9:22  Marine  
  99  9:23  Marine  
  97  9:24  Marine  
  97  9:25  Marine  
  97  9:26  Marine  
  97  9:27  Marine  
  97  9:34  SCV  
  97  9:35  SCV, Marine  
  97  9:36  Marine  
  92  9:56  Planetary Fortress  
  92  10:05  Orbital Command  
  92  10:13  Supply Depot  
  92  10:15  Marine  
  92  10:17  SCV, Marine x3  
  92  10:18  Marine x2  
  92  10:19  Marine x4  
  92  10:20  SCV  
  92  10:21  Marine x2  
  86  10:29  SCV  
  86  10:33  SCV, Marine  
  86  10:34  Marine  
  86  10:35  Marine x2, Supply Depot  
  90  10:36  Marine x2  
  90  10:37  Marine  
  90  10:41  Marine x4  
  97  10:52  Marine x3  
  97  10:56  SCV x2, Marine x5  
  107  10:59  Supply Depot  
  107  11:01  Marine x2  
  107  11:02  Supply Depot  
  106  11:11  Marine  
  106  11:12  Marine  
  108  11:20  Marine x2  
  108  11:21  SCV x2, Marine x2  
  108  11:25  Medivac x2  
  118  11:27  Supply Depot  
  118  11:35  Supply Depot  
  118  11:37  Supply Depot  
  118  11:42  Marine x4  
  118  11:43  Marine x2  
  118  11:44  Barracks Tech Lab  
  124  11:49  SCV  
  85  12:10  Marine  
  85  12:11  Marine x8  
  85  12:13  SCV  
  85  12:15  SCV x3  
  90  12:26  SCV  
  91  12:30  Marine x4  
  91  12:31  Marine  
  63  12:53  Marine x2  
  63  12:54  SCV x4  
  64  13:04  Marine x5  
  60  13:06  SCV x3  
  63  13:22  Marine x5  
  63  13:23  SCV  
  69  13:31  SCV x2  
  69  13:32  SCV  
  72  13:35  SCV  
  73  13:42  Marine x4  
  71  13:51  Marine x4  
  70  13:57  Marine x2  
  70  14:00  Marine  
  71  14:04  Medivac  
  72  14:12  Marine  
  72  14:13  Marine x2  
  74  14:22  SCV x3  
  77  14:31  SCV  
  77  14:34  SCV x3  
  81  14:43  Medivac  
  81  14:44  Medivac  
  85  14:56  SCV  
  85  14:57  SCV x3  
  89  15:07  Marine x10  
  89  15:09  SCV x4  
  103  15:21  SCV x4  
  106  15:22  Medivac x2  
  111  15:37  Marine  
  111  15:38  Marine x11  
  123  15:51  SCV x3  
  123  15:54  Command Center, Medivac x2  
  123  15:55  Marine x5  
  123  15:56  Marine x3  
  138  15:57  Refinery, Marine  
  138  15:58  Marine x3  
  128  16:13  Marine  
  121  16:21  Marine x2  
  121  16:22  Marine x3  
  121  16:23  Barracks Tech Lab x2  
  121  16:24  Marauder x2  
  119  16:42  Marine x4, Marauder x2  
  119  16:43  Marine x4  
  119  16:45  Marauder x2  
  138  16:48  Refinery  
  132  17:00  Marine x2  
Tags
 
Add a new tag
Caveats
  • Supply blocks, unpowered buildings, or Contaminate may cause inaccurate times.
  • Supply counts are checked every 10 seconds.